[ AOE2 MATCH · #477640199 ]
Team RMBulgarians vs Armenians
[ REPLAY ANALYSIS · EXTRACTED FROM THE RECORDED GAME ]
Feudal
29:26
Castle
—
Imperial
—
| APM avg | 30.8 |
| APM peak | 91 |
| eAPM avg | 15.0 |
| Villagers / military | 56 / 22 |
Focus
⚔️ 22.8% · 🌾 77.2%
Militia ×22
Feudal
19:45
Castle
31:52
Imperial
—
| APM avg | 25.1 |
| APM peak | 49 |
| eAPM avg | 14.0 |
| Villagers / military | 38 / 27 |
Focus
⚔️ 25.4% · 🌾 74.6%
Archer ×14 · Skirmisher ×13
Feudal
26:37
Castle
30:32
Imperial
—
| APM avg | 29.6 |
| APM peak | 110 |
| eAPM avg | 18.0 |
| Villagers / military | 64 / 45 |
Focus
⚔️ 27.8% · 🌾 72.2%
Archer ×36 · Militia ×9
Feudal
14:37
Castle
—
Imperial
—
| APM avg | 38.4 |
| APM peak | 91 |
| eAPM avg | 20.6 |
| Villagers / military | 61 / 34 |
Focus
⚔️ 26.5% · 🌾 73.5%
Militia ×17 · Archer ×16 · Spearman ×1
Match map
Initial resources + every placement click. Lines = walls · curves = elevation contours. ◆ gold · ⬟ stone · ● berries · ✦ relic · ◌ wall gap
Your base· Open — unwalled flank
Zkyzo's base· Open — 3t gap
Pothos22's base· Open — unwalled flank
Philosoraptor's base· Open — unwalled flank
Smoothed initial terrain · ◌ = detected wall gap · hover for details
Inputs per minute
— Canek - - Zkyzo
Build order — Canek
150 actions detected in the replay
| 0:34 | Build | Town Center |
| 2:46 | Build | Palisade Wall |
| 2:48 | Build | Palisade Wall |
| 2:51 | Build | Palisade Wall |
| 2:54 | Build | Palisade Wall |
| 2:56 | Build | Palisade Wall |
| 3:05 | Create | Villager (Male) |
| 3:05 | Create | Villager (Male) |
| 3:06 | Create | Villager (Male) |
| 3:06 | Create | Villager (Male) |
| 3:15 | Build | Palisade Wall |
| 3:16 | Build | Palisade Wall |
| 3:39 | Research | Loom |
| 3:59 | Build | House |
| 4:01 | Build | House |
| 4:05 | Build | House |
| 4:33 | Build | House |
| 5:21 | Build | Mill |
| 5:37 | Build | Palisade Wall |
| 5:45 | Create | Villager (Male) |
| 5:46 | Create | Villager (Male) |
| 5:55 | Build | Palisade Wall |
| 6:19 | Build | Palisade Wall |
| 6:21 | Build | Palisade Wall |
| 6:26 | Build | Palisade Wall |
| 6:57 | Create | Villager (Male) |
| 6:57 | Create | Villager (Male) |
| 6:57 | Create | Villager (Male) |
| 7:19 | Build | Palisade Wall |
| 7:23 | Build | Palisade Wall |
| 8:02 | Create | Villager (Male) |
| 8:03 | Create | Villager (Male) |
| 8:03 | Create | Villager (Male) |
| 8:23 | Create | Villager (Male) |
| 8:23 | Create | Villager (Male) |
| 8:24 | Create | Villager (Male) |
| 8:37 | Build | House |
| 8:43 | Create | Villager (Male) |
| 8:44 | Create | Villager (Male) |
| 9:02 | Build | Palisade Wall |
| 9:04 | Build | Palisade Gate |
| 10:45 | Create | Villager (Male) |
| 10:45 | Create | Villager (Male) |
| 10:45 | Create | Villager (Male) |
| 10:45 | Create | Villager (Male) |
| 11:22 | Create | Villager (Male) |
| 11:42 | Create | Villager (Male) |
| 11:42 | Create | Villager (Male) |
| 12:20 | Create | Villager (Male) |
| 12:26 | Build | Barracks |
| 13:13 | Create | Militia |
| 13:22 | Create | Villager (Male) |
| 13:22 | Create | Villager (Male) |
| 13:49 | Create | Villager (Male) |
| 13:50 | Create | Villager (Male) |
| 14:35 | Create | Militia |
| 14:35 | Create | Militia |
| 15:28 | Create | Militia |
| 15:29 | Create | Militia |
| 16:08 | Create | Militia |
| 16:34 | Create | Villager (Male) |
| 16:35 | Create | Villager (Male) |
| 16:35 | Create | Villager (Male) |
| 17:05 | Build | House |
| 18:00 | Build | House |
| 18:36 | Build | Farm |
| 18:36 | Build | Farm |
| 18:37 | Build | Farm |
| 18:50 | Create | Villager (Male) |
| 20:03 | Build | Mining Camp |
| 20:08 | Build | Lumber Camp |
| 20:51 | Build | House |
| 20:54 | Build | House |
| 20:58 | Build | House |
| 21:02 | Build | Palisade Gate |
| 21:09 | Build | House |
| 21:24 | Create | Militia |
| 21:24 | Create | Militia |
| 21:24 | Create | Militia |
| 21:25 | Create | Militia |
| 21:25 | Create | Militia |
| 22:00 | Build | Farm |
| 22:07 | Build | Farm |
| 22:30 | Create | Villager (Male) |
| 22:30 | Create | Villager (Male) |
| 23:00 | Create | Villager (Male) |
| 23:00 | Create | Villager (Male) |
| 23:00 | Create | Villager (Male) |
| 23:05 | Build | Farm |
| 23:12 | Build | Farm |
| 23:38 | Build | Barracks |
| 23:48 | Create | Villager (Male) |
| 23:48 | Create | Villager (Male) |
| 24:13 | Create | Villager (Male) |
| 24:26 | Build | Mill |
| 24:54 | Build | Farm |
| 24:55 | Build | Farm |
| 24:55 | Build | Farm |
| 24:57 | Build | Farm |
| 24:59 | Create | Villager (Male) |
| 25:01 | Create | Villager (Male) |
| 25:45 | Build | Farm |
| 25:46 | Build | Farm |
| 25:47 | Build | Farm |
| 26:01 | Build | Farm |
| 26:02 | Build | Farm |
| 26:03 | Build | Farm |
| 26:49 | Build | Farm |
| 26:51 | Build | Farm |
| 27:16 | Research | Feudal Age |
| 27:25 | Build | House |
| 27:31 | Build | House |
| 27:35 | Create | Villager (Male) |
| 27:35 | Create | Villager (Male) |
| 27:35 | Create | Villager (Male) |
| 27:48 | Build | Palisade Gate |
| 27:53 | Build | Palisade Gate |
| 28:06 | Create | Militia |
| 28:07 | Create | Militia |
| 28:07 | Create | Militia |
| 28:22 | Build | Palisade Wall |
| 28:26 | Build | House |
| 28:29 | Build | House |
| 28:46 | Create | Militia |
| 28:46 | Create | Militia |
| 29:02 | Build | Farm |
| 29:08 | Build | Farm |
| 29:13 | Create | Militia |
| 29:21 | Create | Militia |
| 29:26 | Age | Feudal Age |
| 29:49 | Build | Watch Tower |
| 29:54 | Create | Villager (Male) |
| 29:56 | Create | Villager (Male) |
| 30:36 | Create | Villager (Male) |
| 30:47 | Create | Villager (Male) |
| 30:47 | Create | Villager (Male) |
| 30:48 | Create | Militia |
| 31:01 | Create | Villager (Male) |
| 31:10 | Research | Arson |
| 31:42 | Build | Farm |
| 32:15 | Build | Palisade Gate |
| 32:17 | Create | Villager (Male) |
| 32:17 | Create | Villager (Male) |
| 32:21 | Create | Militia |
| 32:22 | Create | Militia |
| 32:22 | Create | Militia |
| 32:53 | Build | Market |
| 33:18 | Build | Blacksmith |
| 33:20 | Create | Villager (Male) |
| 33:20 | Create | Villager (Male) |
Build order — Zkyzo
139 actions detected in the replay
| 0:57 | Build | Town Center |
| 3:08 | Build | House |
| 3:10 | Build | House |
| 3:13 | Create | Villager (Male) |
| 3:13 | Create | Villager (Male) |
| 3:31 | Create | Villager (Male) |
| 3:33 | Research | Loom |
| 3:53 | Create | Villager (Male) |
| 4:25 | Build | Outpost |
| 4:48 | Build | Outpost |
| 4:50 | Create | Villager (Male) |
| 5:25 | Build | Palisade Wall |
| 5:29 | Create | Villager (Male) |
| 6:17 | Build | Palisade Wall |
| 6:19 | Create | Villager (Male) |
| 6:24 | Create | Villager (Male) |
| 6:48 | Build | Outpost |
| 7:13 | Create | Villager (Male) |
| 7:22 | Create | Villager (Male) |
| 7:26 | Create | Villager (Male) |
| 7:36 | Build | Palisade Wall |
| 8:11 | Build | Palisade Wall |
| 9:03 | Build | Palisade Wall |
| 9:19 | Create | Villager (Male) |
| 9:23 | Build | Lumber Camp |
| 9:44 | Create | Villager (Male) |
| 10:24 | Build | Mill |
| 10:29 | Create | Villager (Male) |
| 10:48 | Build | House |
| 11:26 | Create | Villager (Male) |
| 11:42 | Build | Farm |
| 11:59 | Build | Palisade Wall |
| 12:00 | Build | Palisade Wall |
| 12:31 | Create | Villager (Male) |
| 12:38 | Create | Villager (Male) |
| 13:17 | Build | Palisade Wall |
| 13:20 | Build | Palisade Wall |
| 13:29 | Create | Villager (Male) |
| 13:37 | Build | Farm |
| 14:18 | Build | Farm |
| 14:41 | Build | Palisade Wall |
| 14:47 | Create | Villager (Male) |
| 14:51 | Create | Villager (Male) |
| 15:31 | Build | Palisade Wall |
| 15:37 | Create | Villager (Male) |
| 15:42 | Build | Farm |
| 15:46 | Build | Farm |
| 16:02 | Build | Palisade Wall |
| 16:10 | Create | Villager (Male) |
| 16:27 | Build | Mining Camp |
| 16:32 | Create | Villager (Male) |
| 16:35 | Build | House |
| 17:32 | Build | Farm |
| 17:35 | Research | Feudal Age |
| 17:55 | Build | Barracks |
| 18:21 | Build | House |
| 18:24 | Build | House |
| 18:56 | Build | Palisade Wall |
| 18:59 | Build | Palisade Wall |
| 19:06 | Create | Villager (Male) |
| 19:13 | Create | Villager (Male) |
| 19:43 | Build | Palisade Wall |
| 19:45 | Age | Feudal Age |
| 19:56 | Build | Watch Tower |
| 20:08 | Create | Villager (Male) |
| 20:14 | Build | Blacksmith |
| 20:28 | Build | Palisade Wall |
| 20:30 | Build | Palisade Wall |
| 20:32 | Build | Palisade Wall |
| 20:51 | Build | Archery Range |
| 20:57 | Create | Villager (Male) |
| 21:05 | Create | Villager (Male) |
| 21:06 | Create | Villager (Male) |
| 21:23 | Build | Outpost |
| 21:32 | Build | Farm |
| 21:34 | Research | Double-Bit Axe |
| 21:41 | Create | Villager (Male) |
| 21:47 | Create | Archer |
| 21:47 | Create | Archer |
| 22:08 | Create | Archer |
| 22:19 | Build | Mining Camp |
| 22:37 | Build | Watch Tower |
| 22:39 | Build | Palisade Wall |
| 22:39 | Build | Palisade Wall |
| 22:43 | Build | Palisade Wall |
| 22:49 | Build | Palisade Wall |
| 22:51 | Build | Palisade Wall |
| 23:20 | Create | Archer |
| 23:55 | Research | Fletching |
| 23:59 | Create | Villager (Male) |
| 24:00 | Create | Villager (Male) |
| 24:44 | Create | Archer |
| 24:49 | Create | Villager (Male) |
| 24:58 | Build | House |
| 25:20 | Build | Watch Tower |
| 25:43 | Build | Watch Tower |
| 25:59 | Create | Villager (Male) |
| 26:00 | Create | Villager (Male) |
| 26:23 | Create | Villager (Male) |
| 26:27 | Create | Archer |
| 26:27 | Create | Archer |
| 26:38 | Build | Market |
| 26:46 | Create | Archer |
| 27:01 | Build | Farm |
| 27:27 | Create | Villager (Male) |
| 27:32 | Build | Farm |
| 28:11 | Create | Villager (Male) |
| 28:14 | Build | Farm |
| 28:21 | Build | Farm |
| 28:28 | Create | Archer |
| 28:29 | Create | Archer |
| 28:47 | Build | Farm |
| 29:12 | Research | Castle Age |
| 29:26 | Build | House |
| 29:27 | Build | House |
| 29:45 | Build | House |
| 29:48 | Create | Skirmisher |
| 30:11 | Create | Skirmisher |
| 30:44 | Create | Archer |
| 30:44 | Create | Archer |
| 30:56 | Create | Skirmisher |
| 31:08 | Create | Skirmisher |
| 31:14 | Build | Archery Range |
| 31:37 | Create | Skirmisher |
| 31:38 | Create | Archer |
| 31:38 | Create | Skirmisher |
| 31:38 | Create | Archer |
| 31:41 | Build | Archery Range |
| 31:52 | Age | Castle Age |
| 32:01 | Create | Skirmisher |
| 32:09 | Build | Farm |
| 32:28 | Build | Barracks |
| 32:34 | Create | Skirmisher |
| 32:34 | Create | Skirmisher |
| 32:47 | Create | Skirmisher |
| 32:48 | Create | Skirmisher |
| 33:04 | Create | Skirmisher |
| 33:04 | Create | Skirmisher |
| 33:12 | Research | Padded Archer Armor |
Build order — Pothos22
First 150 of 167 actions detected
| 0:12 | Build | House |
| 0:44 | Build | Town Center |
| 3:26 | Create | Villager (Male) |
| 3:26 | Create | Villager (Male) |
| 3:26 | Create | Villager (Male) |
| 3:27 | Create | Villager (Male) |
| 3:27 | Create | Villager (Male) |
| 4:29 | Build | House |
| 4:31 | Create | Villager (Male) |
| 4:31 | Create | Villager (Male) |
| 5:07 | Create | Villager (Male) |
| 5:50 | Create | Villager (Male) |
| 5:50 | Create | Villager (Male) |
| 5:58 | Create | Villager (Male) |
| 6:33 | Create | Villager (Male) |
| 6:36 | Create | Villager (Male) |
| 6:47 | Build | Mill |
| 7:18 | Create | Villager (Male) |
| 7:36 | Research | Loom |
| 8:23 | Create | Villager (Male) |
| 8:24 | Create | Villager (Male) |
| 8:36 | Create | Villager (Male) |
| 8:48 | Build | House |
| 9:13 | Build | Mill |
| 9:18 | Create | Villager (Male) |
| 10:11 | Create | Villager (Male) |
| 10:31 | Create | Villager (Male) |
| 10:31 | Create | Villager (Male) |
| 10:38 | Create | Villager (Male) |
| 11:25 | Create | Villager (Male) |
| 11:48 | Create | Villager (Male) |
| 11:52 | Build | House |
| 12:16 | Create | Villager (Male) |
| 13:05 | Create | Villager (Male) |
| 13:05 | Create | Villager (Male) |
| 13:10 | Build | Barracks |
| 13:11 | Create | Villager (Male) |
| 13:16 | Build | House |
| 13:20 | Create | Villager (Male) |
| 14:06 | Build | Lumber Camp |
| 14:07 | Create | Villager (Male) |
| 14:12 | Create | Militia |
| 14:13 | Create | Militia |
| 14:26 | Build | House |
| 14:30 | Create | Villager (Male) |
| 14:31 | Create | Villager (Male) |
| 15:11 | Build | Palisade Wall |
| 15:12 | Create | Villager (Male) |
| 15:13 | Create | Villager (Male) |
| 15:28 | Build | House |
| 15:28 | Create | Villager (Male) |
| 15:56 | Create | Villager (Male) |
| 16:14 | Create | Villager (Male) |
| 18:18 | Create | Villager (Male) |
| 18:18 | Create | Villager (Male) |
| 18:32 | Build | House |
| 18:33 | Create | Villager (Male) |
| 18:45 | Create | Villager (Male) |
| 19:03 | Build | Lumber Camp |
| 19:04 | Create | Villager (Male) |
| 19:21 | Create | Villager (Male) |
| 19:50 | Build | House |
| 19:57 | Build | Mining Camp |
| 19:59 | Create | Villager (Male) |
| 20:04 | Build | House |
| 20:06 | Build | House |
| 20:25 | Build | Mill |
| 20:31 | Create | Villager (Male) |
| 20:44 | Build | Mining Camp |
| 20:45 | Create | Villager (Male) |
| 21:37 | Build | Mill |
| 21:51 | Create | Militia |
| 22:02 | Build | Mill |
| 22:16 | Create | Villager (Male) |
| 22:17 | Create | Villager (Male) |
| 22:26 | Create | Militia |
| 22:38 | Build | Mill |
| 22:40 | Create | Villager (Male) |
| 22:42 | Create | Villager (Male) |
| 23:06 | Create | Militia |
| 23:06 | Create | Militia |
| 23:10 | Create | Militia |
| 23:23 | Build | House |
| 23:24 | Build | House |
| 23:34 | Create | Militia |
| 23:37 | Create | Villager (Male) |
| 23:37 | Create | Villager (Male) |
| 24:03 | Create | Villager (Male) |
| 24:05 | Create | Militia |
| 24:20 | Create | Villager (Male) |
| 24:27 | Research | Feudal Age |
| 24:44 | Build | House |
| 24:46 | Build | House |
| 24:47 | Create | Villager (Male) |
| 24:58 | Build | Mining Camp |
| 26:37 | Age | Feudal Age |
| 26:38 | Build | Archery Range |
| 26:43 | Build | Blacksmith |
| 26:44 | Create | Villager (Male) |
| 26:52 | Research | Double-Bit Axe |
| 26:56 | Research | Gold Mining |
| 27:03 | Build | Archery Range |
| 27:04 | Create | Villager (Male) |
| 27:22 | Research | Fletching |
| 27:24 | Create | Archer |
| 27:24 | Create | Archer |
| 27:24 | Create | Archer |
| 27:29 | Research | Castle Age |
| 27:31 | Create | Archer |
| 27:31 | Create | Archer |
| 27:32 | Create | Archer |
| 27:32 | Create | Archer |
| 27:37 | Build | Mining Camp |
| 27:39 | Create | Archer |
| 27:42 | Research | Padded Archer Armor |
| 27:42 | Research | Padded Archer Armor |
| 27:57 | Create | Villager (Male) |
| 28:11 | Create | Archer |
| 28:25 | Research | Horse Collar |
| 28:31 | Build | Archery Range |
| 28:50 | Create | Archer |
| 29:12 | Create | Archer |
| 29:12 | Create | Archer |
| 29:29 | Build | Mining Camp |
| 29:33 | Build | Lumber Camp |
| 29:36 | Create | Archer |
| 29:43 | Create | Archer |
| 29:43 | Create | Archer |
| 30:25 | Create | Archer |
| 30:25 | Create | Archer |
| 30:32 | Age | Castle Age |
| 30:34 | Research | Crossbowman (upgrade) |
| 30:37 | Create | Archer |
| 30:37 | Create | Archer |
| 30:43 | Create | Archer |
| 30:47 | Create | Villager (Male) |
| 30:51 | Research | Bodkin Arrow |
| 30:53 | Create | Archer |
| 30:53 | Create | Villager (Male) |
| 31:07 | Create | Villager (Male) |
| 31:19 | Build | Castle |
| 31:21 | Create | Archer |
| 31:21 | Create | Archer |
| 31:54 | Build | Castle |
| 32:46 | Create | Archer |
| 32:46 | Create | Archer |
| 32:46 | Create | Archer |
| 32:47 | Create | Archer |
| 32:47 | Create | Archer |
| 32:48 | Create | Archer |
Build order — Philosoraptor
First 150 of 157 actions detected
| 0:40 | Build | Town Center |
| 0:58 | Build | House |
| 3:05 | Create | Villager (Male) |
| 3:05 | Create | Villager (Male) |
| 3:05 | Create | Villager (Male) |
| 3:06 | Create | Villager (Male) |
| 3:06 | Create | Villager (Male) |
| 4:25 | Build | House |
| 4:50 | Create | Villager (Male) |
| 4:50 | Create | Villager (Male) |
| 4:50 | Create | Villager (Male) |
| 5:29 | Build | Mule Cart |
| 5:59 | Create | Villager (Male) |
| 5:59 | Create | Villager (Male) |
| 5:59 | Create | Villager (Male) |
| 6:10 | Create | Villager (Male) |
| 7:13 | Create | Villager (Male) |
| 7:26 | Create | Villager (Male) |
| 7:40 | Build | House |
| 7:43 | Create | Villager (Male) |
| 8:20 | Create | Villager (Male) |
| 8:34 | Create | Villager (Male) |
| 8:40 | Build | Barracks |
| 8:49 | Build | House |
| 9:29 | Create | Villager (Male) |
| 9:30 | Research | Loom |
| 9:47 | Create | Militia |
| 9:50 | Create | Spearman |
| 9:57 | Build | Mill |
| 10:02 | Create | Militia |
| 10:03 | Create | Militia |
| 10:45 | Build | Palisade Gate |
| 11:12 | Create | Villager (Male) |
| 11:13 | Create | Villager (Male) |
| 11:13 | Create | Villager (Male) |
| 12:14 | Create | Villager (Male) |
| 12:17 | Research | Feudal Age |
| 13:13 | Create | Villager (Male) |
| 13:39 | Build | Mule Cart |
| 14:13 | Create | Villager (Male) |
| 14:30 | Create | Militia |
| 14:35 | Build | House |
| 14:37 | Build | House |
| 14:37 | Age | Feudal Age |
| 14:42 | Research | Town Watch |
| 14:48 | Research | Man-at-Arms (upgrade) |
| 14:58 | Create | Villager (Male) |
| 14:58 | Create | Villager (Male) |
| 15:05 | Build | House |
| 15:23 | Create | Militia |
| 15:24 | Create | Militia |
| 15:37 | Create | Militia |
| 16:08 | Build | Blacksmith |
| 17:03 | Create | Villager (Male) |
| 17:04 | Create | Villager (Male) |
| 17:06 | Create | Militia |
| 17:38 | Create | Villager (Male) |
| 17:58 | Create | Villager (Male) |
| 18:25 | Create | Militia |
| 18:25 | Create | Militia |
| 18:54 | Build | Watch Tower |
| 18:59 | Create | Villager (Male) |
| 18:59 | Create | Villager (Male) |
| 19:03 | Build | House |
| 19:11 | Create | Villager (Male) |
| 19:30 | Create | Militia |
| 19:44 | Build | Farm |
| 19:47 | Build | Farm |
| 19:49 | Create | Militia |
| 19:51 | Build | House |
| 20:07 | Build | Mule Cart |
| 20:19 | Build | Farm |
| 20:56 | Research | Scale Mail Armor |
| 21:02 | Create | Militia |
| 21:09 | Research | Long Swordsman (upgrade) |
| 21:27 | Build | Farm |
| 21:28 | Build | Farm |
| 21:39 | Create | Villager (Male) |
| 22:13 | Build | Mule Cart |
| 22:21 | Build | Farm |
| 22:21 | Build | Farm |
| 22:22 | Build | Farm |
| 22:22 | Build | Farm |
| 22:22 | Build | Farm |
| 22:50 | Create | Villager (Male) |
| 22:51 | Create | Villager (Male) |
| 22:51 | Create | Villager (Male) |
| 23:18 | Build | Farm |
| 23:40 | Create | Villager (Male) |
| 23:43 | Build | House |
| 23:44 | Build | House |
| 23:45 | Build | House |
| 23:55 | Create | Villager (Male) |
| 23:59 | Build | Watch Tower |
| 24:10 | Create | Militia |
| 24:11 | Create | Militia |
| 24:24 | Create | Villager (Male) |
| 24:31 | Research | Fletching |
| 24:52 | Create | Villager (Male) |
| 25:12 | Create | Villager (Male) |
| 25:32 | Build | Farm |
| 25:43 | Create | Villager (Male) |
| 25:49 | Build | Watch Tower |
| 25:55 | Create | Villager (Male) |
| 26:38 | Create | Militia |
| 26:38 | Create | Militia |
| 26:48 | Build | Farm |
| 26:59 | Research | Forging |
| 27:11 | Build | Farm |
| 27:14 | Create | Villager (Male) |
| 27:22 | Build | Farm |
| 27:31 | Build | Mill |
| 27:37 | Create | Villager (Male) |
| 27:46 | Create | Villager (Male) |
| 27:46 | Create | Villager (Male) |
| 28:23 | Build | Archery Range |
| 28:32 | Create | Villager (Male) |
| 28:32 | Create | Villager (Male) |
| 28:32 | Create | Villager (Male) |
| 28:55 | Build | Archery Range |
| 29:06 | Create | Villager (Male) |
| 29:12 | Build | Market |
| 29:15 | Create | Villager (Male) |
| 30:55 | Create | Archer |
| 30:55 | Create | Archer |
| 30:55 | Create | Archer |
| 30:56 | Create | Archer |
| 30:56 | Create | Archer |
| 30:56 | Create | Archer |
| 30:56 | Create | Archer |
| 30:56 | Create | Archer |
| 30:57 | Create | Archer |
| 30:57 | Create | Archer |
| 30:57 | Create | Archer |
| 30:57 | Create | Archer |
| 30:58 | Create | Archer |
| 30:58 | Create | Archer |
| 30:58 | Create | Archer |
| 31:20 | Build | Watch Tower |
| 31:27 | Create | Archer |
| 31:34 | Create | Villager (Male) |
| 31:35 | Create | Villager (Male) |
| 31:35 | Create | Villager (Male) |
| 31:35 | Create | Villager (Male) |
| 32:40 | Create | Villager (Male) |
| 32:40 | Create | Villager (Male) |
| 32:43 | Research | Wheelbarrow |
| 32:45 | Build | House |
| 33:05 | Build | House |
| 33:06 | Build | House |
Match timeline
| 2:46 | Canek · wall_segment Palisade Wall x1 |
| 2:48 | Canek · wall_segment Palisade Wall x1 |
| 2:51 | Canek · wall_segment Palisade Wall x1 |
| 2:54 | Canek · wall_segment Palisade Wall x1 |
| 2:56 | Canek · wall_segment Palisade Wall x1 |
| 3:15 | Canek · wall_segment Palisade Wall x1 |
| 3:16 | Canek · wall_segment Palisade Wall x1 |
| 5:25 | Zkyzo · wall_segment Palisade Wall x7 |
| 5:37 | Canek · wall_segment Palisade Wall x1 |
| 5:55 | Canek · wall_segment Palisade Wall x1 |
| 6:17 | Zkyzo · wall_segment Palisade Wall x3 |
| 6:19 | Canek · wall_segment Palisade Wall x1 |
| 6:21 | Canek · wall_segment Palisade Wall x1 |
| 6:26 | Canek · wall_segment Palisade Wall x1 |
| 7:19 | Canek · wall_segment Palisade Wall x2 |
| 7:23 | Canek · wall_segment Palisade Wall x1 |
| 7:36 | Zkyzo · wall_segment Palisade Wall x6 |
| 8:11 | Zkyzo · wall_segment Palisade Wall x1 |
| 8:40 | Philosoraptor · first_building Barracks |
| 9:02 | Canek · wall_segment Palisade Wall x1 |
| 9:03 | Zkyzo · wall_segment Palisade Wall x1 |
| 11:59 | Zkyzo · wall_segment Palisade Wall x1 |
| 12:00 | Zkyzo · wall_segment Palisade Wall x1 |
| 12:26 | Canek · first_building Barracks |
| 13:10 | Pothos22 · first_building Barracks |
| 13:17 | Zkyzo · wall_segment Palisade Wall x4 |
| 13:20 | Zkyzo · wall_segment Palisade Wall x2 |
| 14:37 | Philosoraptor · age_up feudal |
| 14:41 | Zkyzo · wall_segment Palisade Wall x5 |
| 15:11 | Pothos22 · wall_segment Palisade Wall x1 |
| 15:31 | Zkyzo · wall_segment Palisade Wall x4 |
| 16:02 | Zkyzo · wall_segment Palisade Wall x8 |
| 17:55 | Zkyzo · first_building Barracks |
| 18:56 | Zkyzo · wall_segment Palisade Wall x1 |
| 18:59 | Zkyzo · wall_segment Palisade Wall x1 |
| 19:43 | Zkyzo · wall_segment Palisade Wall x7 |
| 19:45 | Zkyzo · age_up feudal |
| 20:28 | Zkyzo · wall_segment Palisade Wall x1 |
| 20:30 | Zkyzo · wall_segment Palisade Wall x1 |
| 20:32 | Zkyzo · wall_segment Palisade Wall x2 |
| 20:51 | Zkyzo · first_building Archery Range |
| 22:39 | Zkyzo · wall_segment Palisade Wall x1 |
| 22:39 | Zkyzo · wall_segment Palisade Wall x1 |
| 22:43 | Zkyzo · wall_segment Palisade Wall x1 |
| 22:49 | Zkyzo · wall_segment Palisade Wall x1 |
| 22:51 | Zkyzo · wall_segment Palisade Wall x1 |
| 26:37 | Pothos22 · age_up feudal |
| 26:38 | Pothos22 · first_building Archery Range |
| 27:36 | Zkyzo · first_market_sell 100 wood |
| 28:22 | Canek · wall_segment Palisade Wall x1 |
| 28:23 | Philosoraptor · first_building Archery Range |
| 28:56 | Zkyzo · first_market_buy 100 food |
| 29:26 | Canek · age_up feudal |
| 30:32 | Pothos22 · age_up castle |
| 31:19 | Pothos22 · first_building Castle |
| 31:52 | Zkyzo · age_up castle |
| 33:49 | Zkyzo · resign |
[ AI ANALYSIS · 1 CREDIT ]
What really happened in this match?
Wolo.gg analyzes every decision: build order, eco, micro, common mistakes by bracket. Personalized analysis on WhatsApp or Discord in 30 seconds.
Civ guide
Bulgarians
Map guide
African Clearing
Perfil
Canek